 Dungeon Crawl Stone Soup version 0.24.0-123-gd5b16e6ec5 (webtiles) character file.

Game seed: 17699889880165324097, levelgen mode: deterministic

126 MisterOstroum the Stinger (level 4, -4/35 HPs)
             Began as a Demonspawn Venom Mage on Jan 11, 2020.
             Slain by a gnoll
             ... wielding a +0 halberd
              (12 damage)
             ... on level 3 of the Dungeon.
             The game lasted 00:06:22 (3120 turns).

MisterOstroum the Stinger (Demonspawn Venom Mage)   Turns: 3120, Time: 00:06:23

Health: -4/35      AC:  3    Str:  8    XL:     4   Next: 84%
Magic:  7/7        EV: 12    Int: 17    God:
Gold:   37         SH:  0    Dex: 14    Spells: 4/7 levels left

rFire    . . .     SeeInvis .   a - +0 dagger (venom)
rCold    . . .     Gourm    .   (no shield)
rNeg     . . .     Faith    .   d - +1 robe
rPois    .         Spirit   .   (no helmet)
rElec    .         Reflect  .   (no cloak)
rCorr    .         Harm     .   (no gloves)
MR       .....                  (no boots)
Stlth    ++........             (no amulet)
HPRegen  0.11/turn              (no ring)
MPRegen  0.10/turn              (no ring)

@: about to teleport, very slightly contaminated
A: hooves 2, powered by pain 1
a: no special abilities


You were on level 3 of the Dungeon.
You were not hungry.

You visited 1 branch of the dungeon, and saw 3 of its levels.

You collected 37 gold pieces.

Inventory:

Hand Weapons
 a - a +0 dagger of venom (weapon)
 b - a +0 dagger of protection
Missiles
 f - 2 silver boomerangs (quivered)
 h - 73 stones
 l - 26 arrows
 n - 22 bolts
 q - 11 poisoned darts
Armour
 d - a +1 robe (worn)
 p - a scarf of spirit shield
Scrolls
 g - 2 scrolls of enchant armour
 i - 2 scrolls of teleportation
 j - 3 scrolls of identify
 k - a scroll of remove curse {@r2}
Potions
 c - a potion of lignification {unknown}
 m - a potion of brilliance {unknown}
 o - a potion of might {unknown}
Comestibles
 e - 4 rations


   Skills:
 - Level 3.1 Fighting
 - Level 1.7 Dodging
 + Level 1.9 Stealth
 + Level 2.1 Spellcasting
 - Level 1.0 Conjurations
 - Level 1.5 Air Magic
 * Level 3.8 Poison Magic


You had 4 spell levels left.
You knew the following spells:

 Your Spells              Type           Power        Failure   Level  Hunger
a - Sting                 Conj/Pois      #...         7%          1    #......
b - Poisonous Vapours     Pois/Air       ##....       10%         2    ###....

Your spell library contained the following spells:

 Spells                   Type           Power        Failure   Level  Hunger
 Mephitic Cloud           Conj/Pois/Air  #.......     24%         3    ###....
 Olgreb's Toxic Radiance  Pois           ##......     36%         4    #####..
 Venom Bolt               Conj/Pois      #.........   89%         5    ######.


Dungeon Overview and Level Annotations

Branches:
Dungeon (3/15)

Altars:

Annotations:
D:2 exclusions: worm and 2 more exclusions, Sigmund


Innate Abilities, Weirdness & Mutations

You have hoof-like feet.
You sometimes gain a little power by taking damage.


Message History

The jackal is almost dead.
You kill the jackal!
The jackal bites you but does no damage.
You barely miss the jackal. Your kick misses the jackal. The jackal bites you.
You hit the jackal but do no damage.
The jackal is poisoned.
The jackal bites you.
The jackal bites you but does no damage.
You hit the jackal but do no damage.
The jackal looks as sick as possible!
You kill the jackal!
You hit the goblin. You kick the goblin.
The goblin is severely wounded.
The goblin barely misses you.
You barely miss the goblin.
The goblin is severely wounded.
The goblin hits you.
You are too injured to fight recklessly!
You are too injured to fight recklessly!
You are too injured to fight recklessly!
You are too injured to fight recklessly!
You are too injured to fight recklessly!
You are too injured to fight recklessly!
You are too injured to fight recklessly!
You are too injured to fight recklessly!
You are too injured to fight recklessly!
You are too injured to fight recklessly!
You are too injured to fight recklessly!
You are too injured to fight recklessly!
You are too injured to fight recklessly!
You are too injured to fight recklessly!
You are too injured to fight recklessly!
You are too injured to fight recklessly!
You are too injured to fight recklessly!
You are too injured to fight recklessly!
You are too injured to fight recklessly!
A goblin is nearby!
You hit the goblin.
You kill the goblin!
You start resting.
Eating one of 3 chunks of flesh.
You eat one of the 3 chunks of flesh.
This raw flesh tastes terrible.
Magic restored.
All of the chunks of flesh in your inventory have rotted away.
A gnoll comes into view. It is wielding a +0 halberd.
A gnoll is nearby!
A gnoll is nearby!
Unknown command.
Casting: Sting (safe; 7% risk of failure)
Confirm with . or Enter, or press ? or * to list all spells.
Aiming: Poisonous Vapours (safe; 10% risk of failure)
Press: ? - help, Dir - move target cursor, f - gnoll
Aim: a gnoll, wielding a +0 halberd (hasn't noticed you) Poisonous vapours surround the gnoll!
The gnoll shouts!
You hear a shout! x2
A gnoll comes into view.
The gnoll is engulfed in poison gas.
The gnoll is poisoned.
A gnoll comes into view. It is wielding a +0 club.
Okay, then.
Casting: Poisonous Vapours (safe; 10% risk of failure)
Confirm with . or Enter, or press ? or * to list all spells.
Aiming: Poisonous Vapours (safe; 10% risk of failure)
Press: ? - help, Dir - move target cursor, f/p - gnoll
Aim: a gnoll, wielding a +0 halberd (heavily wounded, poisoned)
You miscast Poisonous Vapours.
You are very lightly contaminated with residual magic.
You feel slightly ill. The gnoll hits you.
A gnoll comes into view. It is wielding a +0 flail.
Casting: Poisonous Vapours (safe; 10% risk of failure)
Confirm with . or Enter, or press ? or * to list all spells.
Aiming: Poisonous Vapours (safe; 10% risk of failure)
Press: ? - help, Dir - move target cursor, f/p - gnoll
Aim: a gnoll, wielding a +0 halberd (heavily wounded, poisoned)
You miscast Poisonous Vapours.
You feel slightly ill.
The gnoll shouts!
The gnoll closely misses you.
The gnoll drinks a potion.
The gnoll goes berserk!
Casting: Poisonous Vapours (safe; 10% risk of failure)
Confirm with . or Enter, or press ? or * to list all spells.
You don't have enough magic to cast that spell.
Unknown command.
Okay, then.
As you read the scroll labeled NUKOOLILAL, it crumbles to dust.
It is a scroll of enchant armour.
Your +0 robe glows green for a moment.
The gnoll barely misses you. x2
The gnoll hits you!
Okay, then.
The gnoll looks more healthy.
As you read the scroll labeled XOJ ITIOWK, it crumbles to dust.
It is a scroll of identify.
k - a scroll of remove curse The gnoll misses you.
The gnoll hits you from afar with a +0 halberd.
As you read the scroll labeled POFABO ATHRAU, it crumbles to dust.
You feel strangely unstable.
It was a scroll of teleportation.
The gnoll hits you!
* * * LOW HITPOINT WARNING * * *
You focus on the pain.
You feel your power returning. The gnoll closely misses you.
The gnoll hits you from afar with a +0 halberd!
You die...

.....## ##.#
......# ##.####
....#..####.....#
... #†)........#
.....>.###......#
........ #......#
!...†.. ###..g##
....... ##.gg##
....... ###.@#
....... ####
.......


You could see 3 gnolls.

Vanquished Creatures
  Jessica (D:2)
  An adder (D:2)
  2 worms (D:2)
  A dart slug (D:1)
  A leopard gecko (D:3)
  4 orcs (D:3)
  4 giant cockroaches
  10 goblins
  9 hobgoblins
  14 jackals
  5 kobolds
  A quokka (D:2)
  8 bats
  A frilled lizard (D:1)
  8 rats
70 creatures vanquished.

Notes
Turn   | Place    | Note
-------+----------+-------------------------------------------
     0 | D:1      | MisterOstroum the Demonspawn Venom Mage began the quest for
                  | the Orb.
     0 | D:1      | Reached XP level 1. HP: 13/13 MP: 3/3
   178 | D:1      | Reached skill level 1 in Fighting
   263 | D:1      | Gained mutation: You have large cloven feet. [demonic
                  | ancestry]
   263 | D:1      | Reached XP level 2. HP: 20/22 MP: 0/5
   368 | D:1      | Learned a level 2 spell: Poisonous Vapours
   947 | D:1      | Gained mutation: You have hoof-like feet. [demonic
                  | ancestry]
   947 | D:1      | Reached XP level 3. HP: 26/28 MP: 2/6
  2088 | D:2      | Reached skill level 1 in Air Magic
  2210 | D:2      | Noticed Jessica
  2222 | D:2      | Killed Jessica
  2222 | D:2      | Gained mutation: You sometimes gain a little power by
                  | taking damage. [demonic ancestry]
  2222 | D:2      | Reached XP level 4. HP: 35/35 MP: 1/7
  2305 | D:2      | Noticed Sigmund
  3120 | D:3      | Slain by a gnoll

Levels and vault maps discovered:
D:1:      matt_arrival_refuge, layout_basic
D:2:      layout_basic, minmay_fractal_squares_5, uniq_sigmund, uniq_jessica
D:3:      layout_rooms

Skill      XL: |  1  2  3 |
---------------+----------+-----
Fighting       | 1 2 3 |  3.1
Air Magic      | 1 |  1.5
Dodging        | |  1.7
Stealth        | |  1.9
Spellcasting   | |  2.1
Conjurations   | |  1.0
Poison Magic   | |  3.8

Action                   |  1- 3 |  4- 6 || total
-------------------------+-------+-------++-------
Melee: Unarmed           |     6 |       ||     6
       Club              |     2 |       ||     2
       Dagger            |    69 |    45 ||   114
       Kick              |    15 |     6 ||    21
Throw: Stone             |     5 |       ||     5
 Cast: Sting             |    86 |    11 ||    97
       Poisonous Vapours |     8 |    10 ||    18
  Use: Scroll            |       |     3 ||     3
 Stab: Sleeping          |       |     1 ||     1
  Eat: Chunk             |     6 |     4 ||    10
Armor: Robe              |    37 |    11 ||    48
Dodge: Dodged            |    79 |    41 ||   120
